 Dungeon Crawl Stone Soup version 0.23-a0-396-g5214e5f (webtiles) character file.

186 GizzardofKazz the Chopper (level 5, -1/38 HPs)
             Began as a Demonspawn Gladiator on Nov 3, 2018.
             Killed from afar by Natasha (3 damage)
             ... with a magic dart
             ... on level 2 of the Dungeon.
             The game lasted 00:02:51 (2035 turns).

GizzardofKazz the Chopper (Demonspawn Gladiator)    Turns: 2035, Time: 00:02:52

Health: -1/38      AC:  4    Str: 15    XL:     5   Next: 38%
Magic:  5/5        EV: 12    Int: 10    God:
Gold:   47         SH:  0    Dex: 14    Spells: 4/4 levels left

rFire    . . .     SeeInvis .   a - +0 war axe
rCold    . . .     Gourm    .   (no shield)
rNeg     . . .     Faith    .   b - +0 leather armour
rPois    +         Spirit   .   c - +0 helmet
rElec    .         Reflect  .   (no cloak)
rCorr    .         Harm     .   (no gloves)
MR       .....                  (no boots)
Stlth    +.........             (no amulet)
HPRegen  0.12/turn              n - ring of poison resistance
MPRegen  0.09/turn              (no ring)

@: no status effects
A: claws 1
a: no special abilities


You were on level 2 of the Dungeon.
You were not hungry.

You visited 1 branch of the dungeon, and saw 2 of its levels.

You collected 47 gold pieces.

Inventory:

Hand Weapons
 a - a +0 war axe (weapon)
Missiles
 d - 3 throwing nets (quivered)
Armour
 b - a +0 leather armour (worn)
 c - a +0 helmet (worn)
Jewellery
 n - a ring of poison resistance (left claw)
Wands
 l - a wand of flame (25)
Scrolls
 i - a scroll of blinking {unknown}
 j - 2 scrolls of enchant weapon {unknown}
 k - a scroll of identify {unknown}
 m - 2 scrolls of remove curse {unknown}
 p - a scroll of teleportation {unknown}
Potions
 e - 2 potions of curing {unknown}
 g - a potion of lignification {unknown}
 h - a potion of cancellation {unknown}
 q - a potion of heal wounds {unknown}
Comestibles
 f - 5 rations
 o - 2 chunks of flesh


   Skills:
 - Level 2.0 Fighting
 + Level 5.6 Axes
 - Level 1.7 Throwing
 - Level 2.6 Dodging


You had 4 spell levels left.
You didn't know any spells.
Your spell library was empty.

Dungeon Overview and Level Annotations

Branches:
Dungeon (2/15)

Altars:

Annotations:
D:2 Natasha


Innate Abilities, Weirdness & Mutations

You have sharp fingernails.


Message History

You barely miss Natasha. Natasha completely misses you.
You hit Natasha.
Natasha is moderately wounded.
Natasha closely misses you.
You closely miss Natasha.
Natasha is moderately wounded.
Natasha claws you.
* * * LOW HITPOINT WARNING * * *
You miss Natasha.
Natasha is moderately wounded.
Natasha claws you.
* * * LOW HITPOINT WARNING * * *
You hit Natasha.
Natasha is severely wounded.
Natasha closely misses you. Natasha misses you.
Your leather armour prevents you from hitting Natasha.
Natasha is severely wounded.
Natasha casts a spell at you. The magic dart hits you!
You die...

.#####..######.###.#
##.#.#####
........)......<...######.#÷#
.######.######.#..........#.#
## #.# #.#.#####)...#.## #
##.######.#.# #.#.##..## #
#.........#.# #)#.##.#.## #
#..########.# #)#...###.##
######..## #h# #)##.## ##..
##.......# #@# #.###.###.##
##.#####.#######.# #.#
##.#.## ##.# #.........# #.#
##.## ...# #.######.######.#
#.# ##.# #.# #........# #.#
#.#####.############### #.#
#....÷...........##########.#
################............#
##############


You could see Natasha.

Vanquished Creatures
  A bullfrog (D:2)
  Natasha (D:2)
  Robin (D:2)
  2 adders (D:2)
  2 worms (D:2)
  A dart slug (D:1)
  A leopard gecko (D:2)
  4 giant cockroaches
  9 goblins
  8 hobgoblins
  2 jackals (D:1)
  5 kobolds
  3 quokkas (D:2)
  2 ball pythons (D:2)
  5 bats
  3 frilled lizards
  6 rats
56 creatures vanquished.

Notes
Turn   | Place    | Note
-------+----------+-------------------------------------------
     0 | D:1      | GizzardofKazz the Demonspawn Gladiator began the quest for
                  | the Orb.
     0 | D:1      | Reached XP level 1. HP: 16/16 MP: 1/1
    63 | D:1      | Reached skill level 3 in Axes
   220 | D:1      | Gained mutation: You have sharp fingernails. [demonic
                  | ancestry]
   220 | D:1      | Reached XP level 2. HP: 22/22 MP: 2/2
   707 | D:1      | Reached XP level 3. HP: 26/27 MP: 3/3
   858 | D:2      | Reached skill level 4 in Axes
  1036 | D:2      | Noticed Robin
  1046 | D:2      | Killed Robin
  1050 | D:2      | Reached XP level 4. HP: 12/33 MP: 4/4
  1487 | D:2      | Noticed Natasha
  1493 | D:2      | Killed Natasha
  1632 | D:2      | Noticed a bullfrog
  1641 | D:2      | Killed a bullfrog
  1641 | D:2      | Reached skill level 5 in Axes
  1641 | D:2      | Reached XP level 5. HP: 17/38 MP: 5/5
  2018 | D:2      | Noticed Natasha
  2033 | D:2      | HP: 1/38 [Natasha (4)]
  2035 | D:2      | Killed from afar by Natasha

Vault maps used:
D:1:      lemuel_arrival_hallway
D:2:      uniq_natasha, uniq_robin

Skill      XL: |  1  2  3  4 |
---------------+-------------+-----
Axes           | 3 4 5 |  5.6
Fighting       | |  2.0
Throwing       | |  1.7
Dodging        | |  2.6

Action                   |  1- 3 |  4- 6 || total
-------------------------+-------+-------++-------
Melee: War axe           |    95 |    70 ||   165
 Stab: Sleeping          |     1 |     1 ||     2
  Eat: Chunk             |     1 |     3 ||     4
Armor: Leather armour    |    40 |    21 ||    61
Dodge: Dodged            |    63 |    34 ||    97

Table legend:
 A = Non-vault XP
 B = Vault XP
 C = Vault XP percentage of total XP
 D = Non-vault monster count
 E = Vault monster count
 F = Vault count percentage of total count
                 A         B        C        D         E       F
            +---------+---------+-------+---------+---------+-------
      Total |     203 |      64 |  24.0 |      47 |       9 |  16.1
            +---------+---------+-------+---------+---------+-------
        D:1 |      42 |       0 |   0.0 |      23 |       0 |   0.0
        D:2 |     161 |      64 |  28.4 |      24 |       9 |  27.3
            +---------+---------+-------+---------+---------+-------
